CAL (WIN)
VISALIA RAWHIDE @ INLAND EMPIRE 66ERS
12/23/2044
 
TOP OF THE 1ST
Visalia Rawhide batting - Pitching for Inland Empire 66ers : RHP Robbie Delgado
Pitching: RHP Robbie Delgado
Batting: LHB Willie Gutierrez 0-0: Foul Ball, location: 2F
0-1: Foul Ball, location: 2F
0-2: Ball
1-2: Foul Ball, location: 2F
1-2: Ball
2-2: Ground out 5-3 (Groundball, 56, EV 96.3 MPH)
Batting: LHB Kevin Ferguson 0-0: Called Strike
0-1: Ball
1-1: Foul Ball, location: 2F
1-2: DOUBLE (Line Drive, 9LS, EV 103.8 MPH)
Batting: RHB Dave Vargas 0-0: Foul Ball, location: 2F
0-1: Called Strike
0-2: Ball
1-2: Ball
2-2: Ground out 4-3 (Groundball, 4M, EV 95.0 MPH)
Kevin Ferguson to third
Batting: RHB Marlon Reda 0-0: Ball
1-0: Called Strike
1-1: Ground out 5-3 (Groundball, 56D, EV 88.8 MPH)
Top of the 1st over - 0 runs, 1 hit, 0 errors, 1 left on base; Visalia 0 - Inland Empire 0
BOTTOM OF THE 1ST
Inland Empire 66ers batting - Pitching for Visalia Rawhide : RHP John Palumbo
Pitching: RHP John Palumbo
Batting: RHB Melvin Gomez 0-0: Ball
1-0: Called Strike
1-1: Called Strike
1-2: Fly out, F4 (Popup, 4, EV 60.0 MPH)
Batting: RHB Oren Jones 0-0: Ball
1-0: Ball
2-0: Foul Ball, location: 2F
2-1: Ball
3-1: DOUBLE (Groundball, 5L, EV 93.8 MPH)
Batting: LHB Rusty Ney 0-0: Ball
1-0: Ball
2-0: Called Strike
2-1: Ball
3-1: Swinging Strike
3-2: Strikes out swinging
Batting: RHB Mike Alm 0-0: Ball
1-0: Fly out, F6 (Popup, 6, EV 77.5 MPH)
Bottom of the 1st over - 0 runs, 1 hit, 0 errors, 1 left on base; Visalia 0 - Inland Empire 0
TOP OF THE 2ND
Visalia Rawhide batting - Pitching for Inland Empire 66ers : RHP Robbie Delgado
Batting: LHB Soo-yeon Kym 0-0: Ball
1-0: Called Strike
1-1: Ball
2-1: Foul Ball, location: 2F
2-2: Ball
3-2: Fly out, F7 (Line Drive, 7, EV 87.5 MPH)
Batting: RHB Edgar Garcia 0-0: Ball
1-0: Ground out 4-3 (Groundball, 4, EV 88.1 MPH)
Batting: RHB Curt Barrett 0-0: Ball
1-0: Called Strike
1-1: Foul Ball, location: 2F
1-2: Ball
2-2: Ball
3-2: Foul Ball, location: 2F
3-2: Foul Ball, location: 2F
3-2: Reached on error, E6 (Groundball, 6, EV 83.8 MPH)
Batting: LHB Josh Gottlieb 0-0: Ball
1-0: Ground out 4-3 (Groundball, 4, EV 103.8 MPH)
Top of the 2nd over - 0 runs, 0 hits, 1 error, 1 left on base; Visalia 0 - Inland Empire 0
BOTTOM OF THE 2ND
Inland Empire 66ers batting - Pitching for Visalia Rawhide : RHP John Palumbo
Batting: RHB Ryuji Ito 0-0: Swinging Strike
0-1: Swinging Strike
0-2: Ball
1-2: DOUBLE (Flyball, 9LD, EV 101.9 MPH)
Batting: RHB Ryan Munro 0-0: Foul Ball, location: 2F
0-1: Ball
1-1: SINGLE (Groundball, 34D, EV 98.1 MPH)
Ryuji Ito to third
Runner from 3rd tries for Home, SAFE, throw by RF to home
Batting: LHB Justin Alexander 0-0: Ball
1-0: SINGLE (Groundball, 34D, EV 109.4 MPH)
Ryan Munro to second
Runner from 2nd tries for 3rd, SAFE, throw by RF made to third
Batting: LHB Griffin Ferris 0-0: Ball
1-0: SINGLE (Groundball, 6D, EV 97.5 MPH)
Ryan Munro scores
Justin Alexander to second
Batting: RHB Wilford Harper 0-0: Swinging Strike
0-1: Ball
1-1: Called Strike
1-2: Strikes out swinging
Batting: RHB Melvin Gomez 0-0: Called Strike
0-1: Ball
1-1: Called Strike
1-2: Ball
2-2: Fly out, F4 (Line Drive, 4, EV 73.8 MPH)
Batting: RHB Oren Jones 0-0: Ball
1-0: Ball
2-0: Foul Ball, location: 2F
2-1: Fly out, F8 (Line Drive, 8LM, EV 91.3 MPH)
Bottom of the 2nd over - 2 runs, 4 hits, 0 errors, 2 left on base; Visalia 0 - Inland Empire 2
TOP OF THE 3RD
Visalia Rawhide batting - Pitching for Inland Empire 66ers : RHP Robbie Delgado
Batting: RHB Josh Burrows 0-0: Called Strike
0-1: Called Strike
0-2: Strikes out swinging
Batting: LHB Willie Gutierrez 0-0: Ball
1-0: Ball
2-0: Called Strike
2-1: Ball
3-1: SOLO HOME RUN (Flyball, 9D, EV 101.3 MPH), Distance : 403 ft
Batting: LHB Kevin Ferguson 0-0: Called Strike
0-1: Ball
1-1: Ball
2-1: Foul Ball, location: 2F
2-2: Ball
3-2: Foul Ball, location: 2F
3-2: Foul Ball, location: 2F
3-2: SOLO HOME RUN (Flyball, 9D, EV 103.8 MPH), Distance : 400 ft
Batting: RHB Dave Vargas 0-0: Called Strike
0-1: Ball
1-1: Swinging Strike
1-2: Strikes out swinging
Batting: RHB Marlon Reda 0-0: Called Strike
0-1: Foul Ball, location: 2F
0-2: SINGLE (Groundball, 34D, EV 95.0 MPH)
Batting: LHB Soo-yeon Kym 0-0: Ball
1-0: Called Strike
1-1: Ball
2-1: Called Strike
2-2: Strikes out swinging
Top of the 3rd over - 2 runs, 3 hits, 0 errors, 1 left on base; Visalia 2 - Inland Empire 2
BOTTOM OF THE 3RD
Inland Empire 66ers batting - Pitching for Visalia Rawhide : RHP John Palumbo
Batting: LHB Rusty Ney 0-0: Swinging Strike
0-1: Ball
1-1: Foul Ball, location: 2F
1-2: Ball
2-2: Foul Ball, location: 2F
2-2: Ball
3-2: Foul Ball, location: 2F
3-2: Ground out 4-3 (Groundball, 4, EV 103.1 MPH)
Batting: RHB Mike Alm 0-0: Ball
1-0: Ball
2-0: Ball
3-0: Called Strike
3-1: Base on Balls
Batting: RHB Ryuji Ito 0-0: Ball
1-0: Ball
2-0: Ball
3-0: Base on Balls
Mike Alm to second
Batting: RHB Ryan Munro 0-0: Called Strike
0-1: Foul Ball, location: 2F
0-2: Foul Ball, location: 2F
0-2: Ball
1-2: Foul Ball, location: 2F
1-2: Ball
2-2: Fly out, F8 (Flyball, 8RM, EV 91.3 MPH)
Batting: LHB Justin Alexander 0-0: Ball
1-0: Fly out, F9 (Flyball, 89S, EV 83.8 MPH)
Bottom of the 3rd over - 0 runs, 0 hits, 0 errors, 2 left on base; Visalia 2 - Inland Empire 2
TOP OF THE 4TH
Visalia Rawhide batting - Pitching for Inland Empire 66ers : RHP Robbie Delgado
Batting: RHB Edgar Garcia 0-0: Ball
1-0: Foul Ball, location: 2F
1-1: Ball
2-1: Ball
3-1: Ground out 3-1 (Groundball, 34S, EV 90.6 MPH)
Batting: RHB Curt Barrett 0-0: Ball
1-0: Foul Ball, location: 2F
1-1: Ball
2-1: Called Strike
2-2: Foul Ball, location: 2F
2-2: Ball
3-2: Strikes out looking
Batting: LHB Josh Gottlieb 0-0: Ball
1-0: Swinging Strike
1-1: Ball
2-1: Foul Ball, location: 2F
2-2: Hit by Pitch
Pitching: RHP Eddie Garabito
Batting: RHB Josh Burrows 0-0: Called Strike
Josh Gottlieb steals 2nd base
0-1: Swinging Strike
0-2: Foul Ball, location: 2F
0-2: Strikes out looking
Top of the 4th over - 0 runs, 0 hits, 0 errors, 1 left on base; Visalia 2 - Inland Empire 2
BOTTOM OF THE 4TH
Inland Empire 66ers batting - Pitching for Visalia Rawhide : RHP John Palumbo
Batting: LHB Griffin Ferris 0-0: SINGLE (Line Drive, 4D, EV 95.0 MPH)
Batting: RHB Wilford Harper 0-0: Called Strike
0-1: Foul Ball, location: 2F
0-2: Strikes out swinging
Batting: RHB Melvin Gomez 0-0: Ball
1-0: Foul Ball, location: 2F
1-1: Ball
2-1: Fly out, F9 (Flyball, 9D, EV 76.9 MPH)
Batting: RHB Oren Jones 0-0: Called Strike
0-1: Foul Ball, location: 2F
0-2: Ball
1-2: Foul Ball, location: 2F
1-2: Fielders Choice at 2nd, 6-4 (Groundball, 6, EV 91.3 MPH)
Bottom of the 4th over - 0 runs, 1 hit, 0 errors, 1 left on base; Visalia 2 - Inland Empire 2
TOP OF THE 5TH
Visalia Rawhide batting - Pitching for Inland Empire 66ers : RHP Eddie Garabito
Batting: LHB Willie Gutierrez 0-0: Foul Ball, location: 2F
0-1: Foul Ball, location: 2F
0-2: Ball
1-2: Ball
2-2: Ground out 4-3 (Groundball, 4M, EV 87.5 MPH)
Batting: LHB Kevin Ferguson 0-0: Called Strike
0-1: Ball
1-1: Ball
2-1: Ball
3-1: Base on Balls
Batting: RHB Dave Vargas 0-0: Ball
1-0: SINGLE (Groundball, 56D, EV 105.0 MPH)
Kevin Ferguson to second
Batting: RHB Marlon Reda 0-0: Reached on error, E8 (Flyball, 89D, EV 105.6 MPH)
Kevin Ferguson scores
Dave Vargas to third
Batting: LHB Soo-yeon Kym 0-0: Foul Ball, location: 2F
0-1: Foul Ball, location: 2F
0-2: Foul Ball, location: 2F
0-2: Ball
1-2: Ball
2-2: Ball
3-2: Base on Balls
Batting: RHB Edgar Garcia 0-0: Ball
1-0: Ball
2-0: Foul Ball, location: 2F
2-1: Foul Ball, location: 2F
2-2: Ball
3-2: Ground out 5-3 (Groundball, 56S, EV 67.5 MPH)
Dave Vargas scores
Marlon Reda to third
Soo-yeon Kym to second
Batting: RHB Curt Barrett 0-0: Called Strike
0-1: Foul Ball, location: 2F
0-2: Ball
1-2: SINGLE (Line Drive, 9LM, EV 97.5 MPH)
Marlon Reda scores
Soo-yeon Kym to third
Runner from 3rd tries for Home, throw by RF and OUT! 9-2
Top of the 5th over - 3 runs, 2 hits, 1 error, 1 left on base; Visalia 5 - Inland Empire 2
BOTTOM OF THE 5TH
Inland Empire 66ers batting - Pitching for Visalia Rawhide : RHP John Palumbo
Batting: LHB Rusty Ney 0-0: Ball
1-0: SINGLE (Line Drive, 89M, EV 110.6 MPH)
Batting: RHB Mike Alm 0-0: Ball
1-0: Ball
2-0: 2-RUN HOME RUN (Flyball, 7D, EV 94.4 MPH), Distance : 370 ft
Batting: RHB Ryuji Ito 0-0: Called Strike
0-1: Ball
1-1: Ground out 5-3 (Groundball, 56S, EV 69.4 MPH)
Batting: RHB Ryan Munro 0-0: Ball
1-0: Ball
2-0: Ball
3-0: Base on Balls
Pitching: LHP John Salzmann
Batting: LHB Justin Alexander 0-0: Called Strike
0-1: Fielders Choice at 2nd, 4-6 (Groundball, 4, EV 101.3 MPH)
Batting: LHB Griffin Ferris 0-0: Called Strike
Justin Alexander is caught stealing 2nd base 2-6
Bottom of the 5th over - 2 runs, 2 hits, 0 errors, 0 left on base; Visalia 5 - Inland Empire 4
TOP OF THE 6TH
Visalia Rawhide batting - Pitching for Inland Empire 66ers : RHP Eddie Garabito
Pitching: RHP Eric Cunningham
Batting: LHB Josh Gottlieb 0-0: Ball
1-0: Called Strike
1-1: Ball
2-1: Called Strike
2-2: Ground out 6-3 (Groundball, 4MD, EV 106.9 MPH)
Batting: LHB Josh Kirk 0-0: Called Strike
0-1: Swinging Strike
0-2: Ball
1-2: Foul Ball, location: 2F
1-2: Ground out 5-3 (Groundball, 56, EV 86.3 MPH)
Batting: LHB Willie Gutierrez 0-0: Swinging Strike
0-1: Called Strike
0-2: Ball
1-2: Ball
2-2: Strikes out swinging
Top of the 6th over - 0 runs, 0 hits, 0 errors, 0 left on base; Visalia 5 - Inland Empire 4
BOTTOM OF THE 6TH
Inland Empire 66ers batting - Pitching for Visalia Rawhide : LHP John Salzmann
Batting: LHB Griffin Ferris 0-0: Ball
1-0: Ball
2-0: Foul Ball, location: 2F
2-1: Ball
3-1: Base on Balls
Batting: RHB Wilford Harper 0-0: Ball
1-0: Ball
2-0: Foul Ball, location: 2F
2-1: Ball
3-1: Called Strike
3-2: Foul Ball, location: 2F
3-2: Strikes out swinging
Batting: RHB Melvin Gomez 0-0: Called Strike
0-1: Foul Ball, location: 2F
0-2: Ground out 5-3 (Groundball, 5, EV 81.3 MPH)
Griffin Ferris to second
Batting: RHB Oren Jones 0-0: Called Strike
0-1: Called Strike
0-2: Strikes out swinging
Bottom of the 6th over - 0 runs, 0 hits, 0 errors, 1 left on base; Visalia 5 - Inland Empire 4
TOP OF THE 7TH
Visalia Rawhide batting - Pitching for Inland Empire 66ers : RHP Eric Cunningham
Batting: LHB Kevin Ferguson 0-0: Ball
1-0: Ground out 4-3 (Groundball, 4, EV 79.4 MPH)
Batting: RHB Dave Vargas 0-0: Ball
1-0: Ball
2-0: Ball
3-0: Called Strike
3-1: Base on Balls
Batting: RHB Marlon Reda 0-0: Ball
1-0: Ball
Dave Vargas steals 2nd base
2-0: Ball
3-0: Base on Balls
Batting: LHB Soo-yeon Kym 0-0: Called Strike
0-1: Foul Ball, location: 2F
0-2: Foul Ball, location: 2F
0-2: Ball
1-2: Foul Ball, location: 2F
1-2: Foul Ball, location: 2F
1-2: Foul Ball, location: 2F
1-2: Foul Ball, location: 2F
1-2: Ball
2-2: Foul Ball, location: 2F
2-2: Ball
3-2: Reached on error, E1 (Groundball, 13S, EV 63.1 MPH)
Dave Vargas to third
Marlon Reda to second
Pitching: RHP Chris Russell
Batting: RHB Edgar Garcia 0-0: Ball
1-0: Foul Ball, location: 2F
1-1: Foul Ball, location: 2F
1-2: SINGLE (Groundball, 56, EV 97.5 MPH)
Dave Vargas scores
Marlon Reda to third
Soo-yeon Kym to second
Batting: RHB Curt Barrett 0-0: Ball
Wild Pitch!
Marlon Reda scores
Soo-yeon Kym to third
Edgar Garcia to second
1-0: Swinging Strike
1-1: Ball
2-1: Ball
Wild Pitch!
Soo-yeon Kym scores
Edgar Garcia to third
3-1: Foul Ball, location: 2F
3-2: Base on Balls
Batting: LHB Josh Gottlieb 0-0: Called Strike
0-1: Called Strike
0-2: Ball
1-2: Strikes out swinging
Batting: LHB Josh Kirk 0-0: Ball
1-0: Foul Ball, location: 2F
1-1: Ball
2-1: DOUBLE (Line Drive, 9LD, EV 110.6 MPH)
Edgar Garcia scores
Curt Barrett to third
Batting: LHB Willie Gutierrez 0-0: Ball
1-0: Ground out 6-3 (Groundball, 6, EV 100.6 MPH)
Top of the 7th over - 4 runs, 2 hits, 1 error, 2 left on base; Visalia 9 - Inland Empire 4
BOTTOM OF THE 7TH
Inland Empire 66ers batting - Pitching for Visalia Rawhide : LHP John Salzmann
Batting: LHB Rusty Ney 0-0: Ball
1-0: Called Strike
1-1: Swinging Strike
1-2: Strikes out swinging
Batting: RHB Mike Alm 0-0: Swinging Strike
0-1: Swinging Strike
0-2: Ball
1-2: Foul Ball, location: 2F
1-2: Ground out 4-3 (Groundball, 4, EV 86.3 MPH)
Batting: RHB Ryuji Ito 0-0: Ball
1-0: Called Strike
1-1: Ball
2-1: Ball
3-1: Called Strike
3-2: Strikes out looking
Bottom of the 7th over - 0 runs, 0 hits, 0 errors, 0 left on base; Visalia 9 - Inland Empire 4
TOP OF THE 8TH
Visalia Rawhide batting - Pitching for Inland Empire 66ers : RHP Chris Russell
Batting: LHB Kevin Ferguson 0-0: Ball
1-0: SINGLE (Groundball, 56D, EV 100.0 MPH)
Batting: RHB Dave Vargas 0-0: Foul Ball, location: 2F
0-1: Ball
1-1: Swinging Strike
1-2: Ball
2-2: Ball
3-2: Foul Ball, location: 2F
3-2: SINGLE (Groundball, 6S, EV 62.5 MPH) (infield hit)
Kevin Ferguson to second
Batting: RHB Marlon Reda 0-0: Ball
1-0: Ball
2-0: Called Strike
2-1: Foul Ball, location: 2F
2-2: Ball
3-2: Foul Ball, location: 2F
3-2: Grounds into double play, 3-6-3 (Groundball, 34S, EV 84.4 MPH)
Kevin Ferguson to third
Pitching: RHP Troy Ingram
Batting: LHB Soo-yeon Kym 0-0: Ball
1-0: Called Strike
1-1: Foul Ball, location: 2F
1-2: Strikes out swinging
Top of the 8th over - 0 runs, 2 hits, 0 errors, 1 left on base; Visalia 9 - Inland Empire 4
BOTTOM OF THE 8TH
Inland Empire 66ers batting - Pitching for Visalia Rawhide : LHP John Salzmann
Batting: RHB Ryan Munro 0-0: Called Strike
0-1: Ball
1-1: Swinging Strike
1-2: Ball
2-2: Foul Ball, location: 2F
2-2: Fly out, F6 (Flyball, 56D, EV 95.6 MPH)
Batting: LHB Justin Alexander 0-0: Foul Ball, location: 2F
0-1: Ball
1-1: Ball
2-1: Ball
3-1: Foul Ball, location: 2F
3-2: Base on Balls
Batting: LHB Griffin Ferris 0-0: Ball
1-0: Swinging Strike
1-1: Swinging Strike
1-2: Foul Ball, location: 2F
1-2: Fielders Choice at 2nd, 6-4 (Groundball, 6, EV 90.0 MPH)
Pitching: RHP Nate Bixler
Batting: RHB Wilford Harper 0-0: Called Strike
0-1: Called Strike
0-2: Ball
1-2: SINGLE (Line Drive, 78S, EV 103.8 MPH)
Griffin Ferris to second
Batting: RHB Melvin Gomez 0-0: Ball
1-0: Ball
2-0: Foul Ball, location: 2F
2-1: Ball
3-1: Base on Balls
Griffin Ferris to third
Wilford Harper to second
Batting: RHB Oren Jones 0-0: Foul Ball, location: 2F
0-1: Called Strike
0-2: Ball
1-2: Foul Ball, location: 2F
1-2: Ball
2-2: TRIPLE (Flyball, 9LD, EV 97.5 MPH)
Griffin Ferris scores
Wilford Harper scores
Melvin Gomez scores
Batting: LHB Rusty Ney 0-0: Swinging Strike
0-1: Called Strike
0-2: Ball
1-2: Ball
2-2: Ball
3-2: Strikes out swinging
Bottom of the 8th over - 3 runs, 2 hits, 0 errors, 1 left on base; Visalia 9 - Inland Empire 7
TOP OF THE 9TH
Visalia Rawhide batting - Pitching for Inland Empire 66ers : RHP Troy Ingram
Batting: RHB Edgar Garcia 0-0: Foul Ball, location: 2F
0-1: Swinging Strike
0-2: Ball
1-2: Strikes out swinging
Batting: RHB Curt Barrett 0-0: Called Strike
0-1: Swinging Strike
0-2: Strikes out looking
Batting: LHB Josh Gottlieb 0-0: Ball
1-0: Foul Ball, location: 2F
1-1: Fly out, F8 (Flyball, 8LD, EV 88.8 MPH)
Top of the 9th over - 0 runs, 0 hits, 0 errors, 0 left on base; Visalia 9 - Inland Empire 7
BOTTOM OF THE 9TH
Inland Empire 66ers batting - Pitching for Visalia Rawhide : RHP Nate Bixler
Pitching: LHP Afanasy Apatenko
Batting: RHB Mike Alm 0-0: Called Strike
0-1: Called Strike
0-2: Strikes out swinging
Batting: RHB Ryuji Ito 0-0: Ball
1-0: Foul Ball, location: 2F
1-1: Foul Ball, location: 2F
1-2: Strikes out swinging
Batting: RHB Ryan Munro 0-0: Called Strike
0-1: Fly out, F8 (Line Drive, 8LD, EV 108.1 MPH)
Bottom of the 9th over - 0 runs, 0 hits, 0 errors, 0 left on base; Visalia 9 - Inland Empire 7
Thursday, March 31st , 2022 - OOTP Baseball 22.12 Build 89